 Dungeon Crawl Stone Soup version 0.19.5 (webtiles) character file.

117 McKennaii the Covered (level 4, -4/40 HPs)
             Began as a Minotaur Fighter on May 4, 2017.
             Slain by McKennaii's ghost (12 damage)
             ... on level 3 of the Dungeon.
             The game lasted 00:03:26 (1473 turns).

McKennaii the Covered (Minotaur Fighter)            Turns: 1473, Time: 00:03:26

Health: -4/40      AC:  8    Str: 21    XL:     4   Next: 71%
Magic:  3/3        EV:  7    Int:  5    God:
Gold:   82         SH:  9    Dex: 10    Spells: 0 memorised, 3 levels left

rFire  . . .     SeeInvis .     a - +0 war axe
rCold  . . .     Gourm    .     b - +0 scale mail
rNeg   . . .     Faith    .     c - +0 shield
rPois  .         Spirit   .     (helmet restricted)
rElec  .         Reflect  .     (no cloak)
rCorr  .         Harm     .     i - +0 pair of gloves
MR     .....                    (no boots)
Stlth  ..........               (no amulet)
                                (no ring)
                                (no ring)

@: no status effects
A: retaliatory headbutt, horns 2
a: no special abilities


You were on level 3 of the Dungeon.
You were not hungry.

You visited 1 branch of the dungeon, and saw 3 of its levels.

You collected 82 gold pieces.

Inventory:

Hand Weapons
 a - a +0 war axe (weapon)
Armour
 b - a +0 scale mail (worn)
 c - a +0 shield (worn)
 i - a +0 pair of gloves (worn)
Scrolls
 g - 2 scrolls of enchant armour {unknown}
 j - a scroll of random uselessness {unknown}
 o - a scroll of fog {unknown}
 p - a scroll of blinking {unknown}
 r - a scroll of identify {unknown}
 s - a scroll of immolation {unknown}
Potions
 d - a potion of might
 e - a potion of mutation {unknown}
 k - a potion of lignification {unknown}
 n - a potion of heal wounds {unknown}
 q - a potion of flight {unknown}
Comestibles
 f - 3 bread rations
 h - a meat ration
 l - a beef jerky
 m - a slice of pizza


   Skills:
 + Level 4.3 Fighting
 + Level 3.8 Axes
 + Level 4.5 Armour
 + Level 0.4 Dodging
 + Level 0.3 Stealth
 + Level 4.4 Shields


You had 3 spell levels left.
You didn't know any spells.

Dungeon Overview and Level Annotations

Branches:
Dungeon (3/15)

Altars:

Annotations:
D:3 McKennaii's ghost, amateur MiFi


Innate Abilities, Weirdness & Mutations

You reflexively headbutt those who attack you in melee.
You have a pair of horns on your head.


Message History

The leopard gecko barely misses you. You furiously retaliate!
You headbutt the leopard gecko!
You kill the leopard gecko!
You barely miss McKennaii's ghost.
McKennaii's ghost is lightly damaged.
You block McKennaii's ghost's attack.
McKennaii's ghost hits you but does no damage.
You slash McKennaii's ghost!
McKennaii's ghost is moderately damaged.
McKennaii's ghost hits you!
You hit McKennaii's ghost but do no damage.
McKennaii's ghost is moderately damaged.
McKennaii's ghost barely misses you. You furiously retaliate!
You headbutt McKennaii's ghost, but do no damage.
McKennaii's ghost hits you!
* * * LOW HITPOINT WARNING * * *
You see here an adder corpse.
There is a stone staircase leading up here.
McKennaii's ghost hits you!
You die...

#############
.#########..†W@.......
......†.........######
##########†######
#......#
#.####........
#..####.. ...# #...
#...#


You could see McKennaii's ghost.

Vanquished Creatures
  Ijyb (D:2)
  3 adders
  3 worms (D:2)
  2 dart slugs (D:1)
  3 leopard geckos
  5 bats
  3 giant cockroaches
  5 goblins
  6 hobgoblins
  4 jackals (D:2)
  A quokka (D:2)
  4 frilled lizards
  3 kobolds
  6 rats
49 creatures vanquished.

Notes
Turn   | Place    | Note
-------+----------+-------------------------------------------
     0 | D:1      | McKennaii the Minotaur Fighter began the quest for the Orb.
     0 | D:1      | Reached XP level 1. HP: 19/19 MP: 0/0
   234 | D:1      | Reached XP level 2. HP: 24/27 MP: 1/1
   785 | D:2      | Noticed Ijyb
   796 | D:2      | Killed Ijyb
   796 | D:2      | Reached XP level 3. HP: 33/33 MP: 2/2
   881 | D:2      | Reached XP level 4. HP: 25/40 MP: 3/3
  1454 | D:3      | Noticed McKennaii's ghost (amateur MiFi)
  1473 | D:3      | Slain by McKennaii's ghost

Skill      XL: |  1  2  3 |
---------------+----------+-----
Fighting       | 4 |  4.3
Shields        | 4 |  4.4
Armour         | 4 |  4.5
Axes           | 3 |  3.8
Dodging        | |  0.4
Stealth        | |  0.3

Action                   |  1- 3 |  4- 6 || total
-------------------------+-------+-------++-------
Melee: War axe           |    93 |    54 ||   147
       Headbutt          |    17 |     6 ||    23
  Eat: Chunk             |       |     2 ||     2
Armor: Scale mail        |    37 |    16 ||    53
Dodge: Dodged            |    30 |    13 ||    43
Block: Shield            |    52 |    33 ||    85
